 Dungeon Crawl Stone Soup version 0.30.0-29-ga12c61a403 (webtiles) character file.

Game seed: 2848111869462872085

4 Charmandara the Sneak (level 1, -1/14 HPs)
             Began as a Tengu Delver on June 4, 2023.
             Slain by a kobold brigand
             ... wielding a +0 short sword
              (10 damage)
             ... on level 5 of the Dungeon.
             The game lasted 00:00:52 (53 turns).

Charmandara the Sneak (Tengu Delver)                  Turns: 53, Time: 00:00:52

Health: -1/14      AC:  3    Str: 12    XL:     1   Next: 70%
Magic:  2/2        EV: 12    Int: 10    God:
Gold:   28         SH:  0    Dex: 15    Spells: 0/0 levels left

rFire   . . .        h - +0 quarterstaff
rCold   . . .        (shield currently unavailable)
rNeg    . . .        b - +0 leather armour
rPois   .            (helmet restricted)
rElec   .            (no cloak)
rCorr   .            (no gloves)
SInv    .            (boots unavailable)
Will    .....        (no amulet)
Stlth   +++          (no ring)
HPRegen 0.22/turn    (no ring)
MPRegen 0.08/turn

%: no passive effects
@: no status effects
A: beak, talons 3
a: no special abilities


You were on level 5 of the Dungeon.
You visited 1 branch of the dungeon, and saw 1 of its levels.

You collected 28 gold pieces.

Inventory:

Hand Weapons
 a - a +0 hand axe
 h - a +0 quarterstaff (weapon)
Armour
 b - a +0 leather armour (worn)
Wands
 g - a wand of digging (3)
Scrolls
 c - a scroll of fog
 d - a scroll of magic mapping
 e - a scroll of fear
Potions
 f - a potion of haste


   Skills:
 - Level 3.0 Fighting
 - Level 2.6 Axes
 + Level 0.2 Staves
 - Level 2.1 Dodging
 - Level 5.0 Stealth


You couldn't memorise any spells.
You didn't know any spells.
Your spell library was empty.

Dungeon Overview and Level Annotations

Branches:
Dungeon (5/15)
 Temple: D:4-7

Altars:


Innate Abilities, Weirdness & Mutations

You have a beak for a mouth.
You have claws for feet.


Message History

You kill the kobold!
Okay, then.
Okay, then.
You closely miss the kobold. You peck the kobold.
The kobold is severely wounded.
The kobold hits you with a +0 short sword.
You barely miss the kobold brigand. The kobold brigand misses you.
You hit the kobold brigand. Your kick misses the kobold brigand.
The kobold brigand is moderately wounded.
The kobold brigand hits you with a +0 short sword.
Okay, then.
You barely miss the kobold brigand.
The kobold brigand is moderately wounded.
The kobold brigand barely misses you.
The kobold brigand hits you with a +0 short sword.
You closely miss the kobold brigand.
The kobold brigand is lightly wounded.
The kobold brigand barely misses you.
You hit the kobold brigand.
You peck the kobold brigand, but do no damage.
The kobold brigand is moderately wounded.
The kobold brigand closely misses you.
You hit the kobold brigand.
The kobold brigand is moderately wounded.
The kobold brigand barely misses you.
You hit the kobold brigand. You peck the kobold brigand.
The kobold brigand is heavily wounded.
The kobold brigand completely misses you.
The kobold brigand misses you.
You barely miss the kobold brigand.
The kobold brigand is heavily wounded.
The kobold brigand hits you but does no damage.
You closely miss the kobold brigand. Your kick misses the kobold brigand.
The kobold brigand is heavily wounded.
The kobold brigand hits you with a +0 short sword.
You closely miss the kobold brigand. Your kick misses the kobold brigand.
The kobold brigand is heavily wounded.
The kobold brigand hits you with a +0 short sword!
Ouch! That really hurt!
You die...

### # ..
#.####.####.#
............
#.........K#
##....#.###K#
........##@######
# #......##......#
..#...#..##......#
.................#
..#...#†####.....#
........# .....# .
..#.###.# ######
#. #. #.#
h#.#####.###.#


You could see a kobold brigand and a kobold.

Vanquished Creatures
  A dart slug (D:5)
  A quokka (D:5)
  A kobold (D:5)
3 creatures vanquished.

Notes
Turn   | Place    | Note
-------+----------+-------------------------------------------
     0 | D:5      | Charmandara the Tengu Delver began the quest for the Orb.
     0 | D:5      | Reached XP level 1. HP: 14/14 MP: 2/2
    15 | D:5      | Noticed a hound
    38 | D:5      | Noticed a kobold brigand
    53 | D:5      | Slain by a kobold brigand

Illustrated notes

Levels and vault maps discovered:
D:5:      layout_loops_cross, nicolae_tso_carved_into_rock,
          amcnicky_mini_corridor_feature

Action                     || total
---------------------------++-------
  Melee: Quarterstaff      ||    13
         Hand axe          ||     4
         Peck              ||     4
         Kick              ||     2
   Stab: Sleeping          ||     1
 Armour: Leather armour    ||     2
  Dodge: Dodged            ||    10
